AoeStats
← 17_Neo_

Arabia

504827867Analyzed
1v1 RM · 26d ago on Sep 6, 2026· 57m 5s· 2 players
Game mode
Random Map
Map size
Tiny (2 player)
Population
200
Speed
Normal
Resources
Standard
Victory
Conquest
Starting age
Dark Age
Ending age
Imperial Age
RankedLock teamsTeams togetherTeam positionsShared explorationLock speedFull tech treeHidden civsTurbo modeCheats
Victory
Defeat
🇲🇽 Britons · Mexico
1758
+14
🇨🇴 Maya · Colombia
1723
-14
17_Neo_
0:27 Loom
9:27 Feudal Age
12:58 Fletching
14:58 Padded Archer Armor
17:11 Wheelbarrow
23:06 Castle Age
23:42 Crossbowman
24:19 Bodkin Arrow
24:12 Elite Skirmisher
28:25 Ballistics
28:40 Thumb Ring
29:10 Leather Archer Armor
39:47 Town Watch
53:46 Pikeman
55:19 Forging
55:10 Scale Mail Armor
56:10 Horse Collar
56:31 Double-Bit Axe
57:59 Iron Casting
MZTK | Proyecto Maztek
6:46 Loom
9:15 Feudal Age
9:27 Man-at-Arms
14:19 Fletching
19:21 Wheelbarrow
23:08 Castle Age
22:22 Double-Bit Axe
23:07 Scale Barding Armor
24:19 Bodkin Arrow
24:11 Crossbowman
26:35 Husbandry
28:25 Padded Archer Armor
29:01 Chain Barding Armor
30:31 Ballistics
47:50 Imperial Age
49:10 Imperial Age
54:14 Plate Barding Armor
54:28 Light Cavalry
Connection lost

Rejoining the realm…

Still unreachable

The connection could not be restored.

Session expired

The server has moved on; the page needs a fresh start.